AoeStats
← JoTa

Black Forest

509779364Analyzed
3v3 RM · 3d ago on Sep 28, 2026· 52m 44s· 6 players
Game mode
Random Map
Map size
Normal (6 player)
Population
200
Speed
Normal
Resources
Standard
Victory
Conquest
Starting age
Dark Age
Ending age
Imperial Age
RankedLock teamsTeams togetherTeam positionsShared explorationLock speedFull tech treeHidden civsTurbo modeCheats
Victory
Defeat
🇦🇷 Khmer · Argentina
707
+15
🇦🇷 Burgundians · Argentina
656
+17
🇦🇷 Britons · Argentina
648
+17
🇦🇷 Bohemians · Argentina
723
-19
🇦🇷 Persians · Argentina
705
-17
🇦🇷 Varangians · Argentina
605
-13
Mainisquiano
11:57 Feudal Age
15:17 Castle Age
13:35 Double-Bit Axe
14:08 Horse Collar
14:31 Gold Mining
14:45 Loom
16:23 Forging
16:29 Man-at-Arms
17:12 Scale Mail Armor
23:14 Chain Mail Armor
24:25 Wheelbarrow
24:03 Long Swordsman
24:29 Arson
29:06 Iron Casting
30:24 Heavy Plow
30:12 Town Watch
32:41 Bloodlines
32:32 Husbandry
33:03 Scale Barding Armor
34:36 Chain Barding Armor
35:05 Hand Cart
38:16 Imperial Age
36:18 Husbandry
37:52 Town Patrol
40:04 Siege Engineers
41:03 Gold Shaft Mining
40:19 Stone Mining
42:06 Tusk Swords
42:31 Conscription
41:36 Elite Battle Elephant
44:06 Plate Barding Armor
45:36 Heavy Scorpion
48:22 Pikeman
48:23 Two-Handed Swordsman
50:39 Chemistry
51:04 Blast Furnace
elfabrupaxd
10:49 Feudal Age
9:08 Loom
11:20 Double-Bit Axe
11:02 Man-at-Arms
12:18 Gold Mining
23:12 Castle Age
22:23 Horse Collar
23:23 Padded Archer Armor
23:13 Fletching
23:34 Forging
23:25 Scale Mail Armor
23:33 Long Swordsman
26:01 Heavy Plow
27:37 Crossbowman
31:33 Pikeman
35:13 Bow Saw
35:05 Loom
35:55 Wheelbarrow
35:06 Town Watch
35:17 Gambesons
35:33 Squires
35:34 Bodkin Arrow
40:54 Imperial Age
39:33 Yeomen
41:09 Leather Archer Armor
41:11 Chain Mail Armor
43:37 Gold Shaft Mining
45:10 Conscription
49:31 Halberdier
51:48 Warwolf
51:08 Elite Longbowman
52:39 Ring Archer Armor
52:09 Bracer
52:40 Plate Mail Armor
52:45 Iron Casting
JoTa
12:05 Feudal Age
11:05 Double-Bit Axe
12:06 Loom
13:07 Horse Collar
13:52 Heavy Plow
14:35 Bow Saw
21:18 Castle Age
24:38 Squires
34:59 Stone Mining
35:00 Gold Mining
37:02 Stone Shaft Mining
37:10 Burgundian Vineyards
38:37 Crossbowman
39:51 Herbal Medicine
43:13 Two-Man Saw
44:17 Forging
44:14 Scale Barding Armor
45:47 Wheelbarrow
44:57 Town Watch
48:39 Imperial Age
48:09 Scale Mail Armor
50:37 Iron Casting
50:23 Chain Barding Armor
50:16 Elite Coustillier
51:34 Husbandry
52:39 Blast Furnace
51:35 Cavalier
SINMANOS
13:48 Feudal Age
16:09 Horse Collar
20:10 Castle Age
24:39 Vendel Legacy
35:29 Masonry
42:38 Imperial Age
44:07 Heavy Plow
45:18 Onager
45:35 Elite Jarl
46:46 Husbandry
46:06 Cavalier
Darioo091867
14:15 Feudal Age
14:43 Man-at-Arms
20:49 Scale Mail Armor
20:59 Forging
23:41 Castle Age
23:11 Double-Bit Axe
23:09 Horse Collar
26:37 Long Swordsman
31:07 Gambesons
30:42 Pikeman
33:57 Squires
41:00 Imperial Age
43:39 Halberdier
44:12 Onager
PulpoPol
13:31 Feudal Age
14:30 Double-Bit Axe
14:27 Horse Collar
18:06 Man-at-Arms
23:09 Castle Age
26:07 Loom
26:18 Loom
28:22 Long Swordsman
32:56 Bow Saw
36:17 Imperial Age
40:06 Wheelbarrow
39:17 Loom
41:19 Block Printing
41:35 Illumination
43:27 Redemption
44:14 Hand Cart
46:01 Theocracy
50:46 Elite Hussite Wagon
51:32 Hussite Reforms
Connection lost

Rejoining the realm…

Still unreachable

The connection could not be restored.

Session expired

The server has moved on; the page needs a fresh start.